 Dungeon Sprint DCSS version 0.31-a0-981-geadf994542 (webtiles) character file.

Game seed: 2096826437458217418

721 Conn the Arsonist (level 7, -16/41 HPs)
             Began as an Octopode Fire Elementalist on Nov 1, 2023.
             Demolished by a boulder beetle (20 damage)
             ... in the Dungeon (Sprint II: "The Violet Keep of Menkaure").
             The game lasted 00:02:45 (162 turns).

Conn the Arsonist (Octopode Fire Elementalist)       Turns: 162, Time: 00:02:46

Health: -16/41     AC:  1    Str:  7    XL:     7   Next: 70%
Magic:  16/18      EV: 15    Int: 19    God:
Gold:   93         SH:  0    Dex: 13    Spells: 12/22 levels left

rFire   . . .        (no weapon)
rCold   . . .        (no shield)
rNeg    . . .        (helmet restricted)
rPois   .            (no amulet)
rElec   .            (no ring)
rCorr   .            (no ring)
SInv    .            (no ring)
Will    .....        (no ring)
Stlth   +++++        (no ring)
HPRegen 0.26/turn    (no ring)
MPRegen 0.16/turn    (no ring)
                     (no ring)

%: no teleportation
@: no status effects
A: almost no armour, amphibious, 8 rings, camouflage 1, gelatinous body 1,
nimble swimmer 1, tentacles
a: no special abilities


You were in the Dungeon.
You visited 1 branch You collected 486 gold pieces.
You spent 393 gold pieces at shops.

Inventory:

Jewellery
 e - an amulet of reflection
Wands
 g - a wand of iceblast (11)
Scrolls
 f - a scroll of blinking
Potions
 a - 2 potions of magic
 b - a potion of curing
 c - a potion of heal wounds
 d - a potion of lignification


   Skills:
 + Level 6.6 Dodging
 - Level 6.0 Stealth
 - Level 0.6 Unarmed Combat
 * Level 8.4 Spellcasting
 * Level 8.5 Conjurations
 + Level 8.5 Fire Magic


You had 12 spell levels left.
You knew the following spells:

 Your Spells              Type           Power      Damage    Failure   Level
a - Foxfire               Conj/Fire      100%       2x1d9     1%          1
b - Scorch                Fire           80%        2d8       1%          2
c - Inner Flame           Hex/Fire       24%        N/A       4%          3
d - Flame Wave            Conj/Fire      40%        2d11      2%          4

Your spell library contained the following spells:

 Spells                   Type           Power      Damage    Failure   Level
 Volatile Blastmotes      Fire/Tloc      48%        2d14      4%          3


Dungeon Overview and Level Annotations

Branches:
Dungeon (1/1)

Altars:

Shops:
D !!::[?=*[!!=!(!

Annotations:
D exclusions: oklob plant and orange crystal statue


Innate Abilities, Weirdness & Mutations

You cannot wear most types of armour.
You are amphibious.
You can wear up to eight rings at the same time.
Your skin changes colour to match your surroundings (Stealth+).
Your rubbery body absorbs attacks. (AC +1, EV +1)
You are camouflaged when in or above water. (Stealth+)
You have tentacles for arms and can constrict up to eight enemies at once.


Message History

Casting: Foxfire (safe; 1% risk of failure)
Confirm with . or Enter, or press ? or * to list all spells.
You conjure some foxfire!
The foxfire hits the scorpion.
The scorpion is moderately wounded.
Unknown command.
Casting: Foxfire (safe; 1% risk of failure)
Confirm with . or Enter, or press ? or * to list all spells.
Flames lash the scorpion.
The scorpion is severely wounded.
The scorpion's fire resistance burns away.
The foxfire hits the scorpion but does no damage.
The scorpion is severely wounded.
Casting: Scorch (safe; 1% risk of failure)
Confirm with . or Enter, or press ? or * to list all spells.
Flames lash the scorpion.
The scorpion is burned terribly!
You kill the scorpion!
Unknown command.
There is an open door here.
g - a wand of iceblast (11)
There is an open door here.
You enter the shallow water.
Marking area around an orange crystal statue as unsafe for travelling.
You open the door.
A boulder beetle comes into view.
A boulder beetle comes into view.
Found 243 gold pieces.
There is an open door here.
You enter the shallow water.
The boulder beetle leaps!
The orange crystal statue glitters topaz in the dim dungeon light.
The boulder beetle attacks as it pursues you!
The boulder beetle bites you!!
Ouch! That really hurt!
The boulder beetle attacks as it pursues you!
The boulder beetle bites you.
* * * LOW HITPOINT WARNING * * *
You are engulfed in a cloud of scalding steam.
* * * LOW HITPOINT WARNING * * *
The boulder beetle attacks as it pursues you!
The boulder beetle bites you!!
You die...

.#~~~~#..#..#
.#~†####.#.## ..##
.#~##.###†## #..#
.#~#...##.## #..#
.'~'.#)'.<.+ +..###
.#~#...##.## #....###.
##~##.###+##
##.§....~~ ##~~####.
$####~~.....~#
##†~~#..
B.#~~B@§~~§.~#
#'#~##.#.##~~~~~§§~.~#
#.#~~##'##~~~≈§§~~~~~#
####~~~~~~~~~~§≈§§~~~#
#+++#+++#~≈≈§≈§≈≈~#
≈≈§≈≈ ##§§§###§≈#
§§≈≈≈§§≈§##≈≈# ≈≈#
+≈≈§§≈8≈≈≈§§+≈≈# §#
##≈≈§≈§≈§≈≈##≈≈§≈


You could see a boulder beetle.

Vanquished Creatures
  A merfolk siren (D)
  A water moccasin (D)
  5 scorpions (D)
7 creatures vanquished.

Vanquished Creatures (others)
  6 foxfires (D)
6 creatures vanquished.

Grand Total: 13 creatures vanquished

Notes
Turn   | Place    | Note
-------+----------+-------------------------------------------
     0 | D        | Conn the Octopode Fire Elementalist began the quest for the
                  | Orb.
     0 | D        | Reached XP level 1. HP: 11/11 MP: 3/3
     1 | D        | Noticed a merfolk siren
     4 | D        | Noticed a scorpion
     4 | D        | Noticed a scorpion
     4 | D        | Noticed a scorpion
     4 | D        | Noticed a scorpion
     9 | D        | Killed a scorpion
    10 | D        | Reached XP level 2. HP: 17/17 MP: 4/6
    10 | D        | Reached XP level 3. HP: 21/21 MP: 4/7
    10 | D        | Reached XP level 4. HP: 27/27 MP: 5/9
    11 | D        | Killed a scorpion
    12 | D        | Reached skill level 5 in Stealth
    14 | D        | Killed a scorpion
    15 | D        | Reached skill level 5 in Spellcasting
    15 | D        | Reached XP level 5. HP: 31/31 MP: 5/12
    19 | D        | Reached skill level 5 in Conjurations
    19 | D        | Reached XP level 6. HP: 33/36 MP: 5/14
    28 | D        | Learned a level 2 spell: Scorch
    32 | D        | Learned a level 3 spell: Inner Flame
    37 | D        | Learned a level 4 spell: Flame Wave
    48 | D        | Killed a merfolk siren
    49 | D        | Reached XP level 7. HP: 26/41 MP: 7/18
    85 | D        | Found Fohaod's Jewellery Emporium.
    85 | D        | Found Hyacu's Antique Weapon Emporium.
    85 | D        | Found Mimmeac's Antique Armour Shoppe.
    85 | D        | Found Janut's Distillery.
    85 | D        | Found Odotan's Distillery.
    85 | D        | Found Tyrhit Lazao's Distillery.
    86 | D        | Found Gauneo's Distillery.
    86 | D        | Found Xobuh's Assorted Antiques.
    87 | D        | Found Awugoeptoe's Jewellery Shoppe.
    87 | D        | Found Ytiu's Magic Scroll Emporium.
    87 | D        | Noticed a death yak
    89 | D        | Found Fetyps's Antique Armour Emporium.
    89 | D        | Found Jekuam's Book Shoppe.
    89 | D        | Noticed an oklob plant
    93 | D        | Noticed a great orb of eyes
   101 | D        | Found Uliwnodgh's Distillery.
   101 | D        | Found Doxtajo's Book Shoppe.
   101 | D        | Found Tismo's Distillery.
   110 | D        | Bought a potion of lignification for 33 gold pieces
   113 | D        | Bought an amulet of reflection for 360 gold pieces
   153 | D        | Noticed an orange crystal statue
   154 | D        | Noticed a boulder beetle
   155 | D        | Noticed a boulder beetle
   162 | D        | Demolished by a boulder beetle

Illustrated notes

Levels and vault maps discovered:
D:        the_violet_keep_of_menkaure [sprint2_stairs_cluster_1,
          sprint2_shoproom, sprint2_temple, sprint2_basic_supplies,
          sprint2_obstacle_4, sprint2_obstacle_6, sprint2_obstacle_1,
          sprint2_obstacle_5, sprint2_obstacle_2, sprint2_timed_cluster_1,
          sprint2_smallroom_cluster_1, sprint2_smallroom_final_cluster_1,
          sprint2_transparent_cluster_1, sprint2_second_timed_cluster_1,
          sprint2_sniper_area_1, sprint2_heavy_combat_area_1,
          sprint2_mutation_trap_area_1, sprint2_forest_area_1,
          sprint2_light_combat_area_1, sprint2_behind_water_1,
          sprint2_near_end_vault_1]

Skill      XL: |  1  2  3  4  5  6  7 |
---------------+----------------------+-----
Dodging        | 3 4 6 |  6.6
Stealth        | 4 5 6 |  6.0
Spellcasting   | 3 5 7 8 |  8.4
Fire Magic     | 6 7 8 |  8.5
Conjurations   | 4 5 7 8 |  8.5
Unarmed Combat | |  0.6

Action                     |  1- 3 |  4- 6 |  7- 9 || total
---------------------------+-------+-------+-------++-------
  Melee: Unarmed           |     3 |     8 |     2 ||    13
         Constrict         |     1 |     3 |       ||     4
         Punch             |     1 |     1 |       ||     2
         Tentacles         |     1 |     1 |       ||     2
   Cast: Inner Flame       |       |     4 |       ||     4
         Scorch            |       |     2 |     2 ||     4
         Foxfire           |       |       |     4 ||     4
    Use: Potion            |     2 |     1 |       ||     3
 Armour: Skin              |     1 |     3 |     4 ||     8
  Dodge: Dodged            |     2 |     3 |     2 ||     7

Table legend: (Time is in decaauts)
 A = Elapsed time spent in this place.
 B = Non-inter-level travel time spent in this place.
 C = Inter-level travel time spent in this place.
 D = Time resting spent in this place.
 E = Time spent auto-exploring this place.
 F = Levels seen in this place.
 G = Mean time per level.
                   A        B        C        D        E       F      G
               +--------+--------+--------+--------+--------+-----+--------+
         Total |    158 |    158 |      0 |      0 |      0 |   1 |  158.0 |
       Dungeon |    158 |    158 |      0 |      0 |      0 |   1 |  158.0 |
               +--------+--------+--------+--------+--------+-----+--------+

Top non-repeatable levels by time:
       D: 158 daAuts
